 Dungeon Crawl Stone Soup version 0.28-b1-25-g9875b3fc8c (webtiles) character file.

Game seed: 4539024554859166878

83 croobank the Sneak (level 4, 0/35 HPs)
             Began as a Vampire Monk on Jan 31, 2022.
             Was a Priest of Kikubaaqudgha.
             Slain by Grinder (5 damage)
             ... on level 3 of the Dungeon.
             The game lasted 00:09:24 (2028 turns).

croobank the Sneak (Vampire Monk)                   Turns: 2028, Time: 00:09:25

Health: 0/35       AC:  3    Str: 10    XL:     4   Next: 22%
Magic:  4/4        EV: 13    Int: 14    God:    Kikubaaqudgha [***...]
Gold:   104        SH:  0    Dex: 16    Spells: 1/3 levels left

rFire   . . .      SeeInvis +   p - +2 dagger (freeze)
rCold   . . .      Faith    .   (no shield)
rNeg    . . .      Spirit   .   b - +0 robe
rPois   .          Reflect  .   (no helmet)
rElec   .          Harm     .   h - +0 cloak
rCorr   .          Rampage  .   (no gloves)
Will    .....                   (no boots)
Stlth   +++.......              (no amulet)
HPRegen 0.31/turn               (no ring)
MPRegen 0.09/turn               (no ring)

@: healing quickly
A: alive, fangs 3, see invisible, vampiric 2
a: Exsanguinate, Renounce Religion, Receive Corpses


You were on level 3 of the Dungeon.
You worshipped Kikubaaqudgha.
Kikubaaqudgha was most pleased with you.
You visited 1 branch of the dungeon, and saw 3 of its levels.

You collected 104 gold pieces.

Inventory:

Hand Weapons
 a - a +0 short sword
 p - a +2 dagger of freezing (weapon)
Missiles
 k - 2 boomerangs (quivered)
 n - 23 bolts
 q - 14 stones
Armour
 b - a +0 robe (worn)
 e - a +0 chain mail
 h - a +0 cloak (worn)
Scrolls
 f - a scroll of blinking {unknown}
 m - a scroll of vulnerability {unknown}
 o - a scroll of torment
Potions
 g - a potion of attraction
 i - a potion of flight {unknown}
 j - a potion of might {unknown}
 l - a potion of curing {unknown}


   Skills:
 + Level 3.1 Fighting
 + Level 4.1 Short Blades
 + Level 4.0 Dodging
 + Level 4.2 Stealth
 + Level 0.2 Spellcasting
 + Level 0.1 Necromancy


You had one spell level left.
You knew the following spells:

 Your Spells              Type           Power      Damage    Failure   Level
a - Animate Skeleton      Necr           0%         N/A       26%         1
b - Pain                  Necr           0%         1d4       26%         1

Your spell library contained the following spells:

 Spells                   Type           Power      Damage    Failure   Level
 Sublimation of Blood     Necr           0%         N/A       36%         2
 Vampiric Draining        Necr           0%         2d6       61%         3
 Ozocubu's Armour         Ice            0%         N/A       65%         3
 Animate Dead             Necr           0%         N/A       95%         4
 Dispel Undead            Necr           0%         3d6       95%         4
 Agony                    Necr           0%         N/A       100%        5
 Borgnjor's Vile Clutch   Necr/Erth      0%         N/A       100%        5
 Excruciating Wounds      Necr           0%         N/A       100%        5
 Metabolic Englaciation   Hex/Ice        0%         N/A       100%        5
 Death Channel            Necr           0%         N/A       100%        6
 Simulacrum               Ice/Necr       0%         N/A       100%        6


Dungeon Overview and Level Annotations

Branches:
Dungeon (3/15)

Altars:
Kikubaaqudgha

Annotations:
D:3 Grinder


Innate Abilities, Weirdness & Mutations

Your natural rate of healing is accelerated.
You have razor-sharp teeth.
You have supernaturally acute eyesight. (SInv)
You are afflicted with vampirism and can become a bat while bloodless.


Message History

The goblin closely misses you.
You hit the goblin. You freeze the goblin. You bite the goblin.
You kill the goblin!
Kikubaaqudgha accepts your kill.
Things that are here:
a +0 club; a goblin corpse
Found a stone staircase leading down.
You now have 104 gold pieces (gained 15).
An adder comes into view.
Found an escape hatch in the ceiling.
A frilled lizard comes into view.
The helpless adder fails to defend itself.
You impale the adder!! You freeze the adder.
You kill the adder!
Kikubaaqudgha accepts your kill.
You hit the frilled lizard.
The frilled lizard seems to slow down.
You freeze the frilled lizard.
You kill the frilled lizard!
Kikubaaqudgha accepts your kill.
Grinder comes into view.
Grinder shouts!
Grinder gestures at you.
You suddenly lose the ability to move!
Grinder blinks!
You can move again.
Okay, then.
Really read the scroll of immolation? [Y]es or [N]o only, please.
Really read the scroll of immolation?
As you read the scroll of immolation, it crumbles to dust.
The creatures around you are filled with an inner flame!
Grinder hits you!
You writhe in agony.
As you read the scroll labelled LOCOUN EBAODY, it crumbles to dust.
Your body is wracked with pain!
It was a scroll of torment.
Grinder hits you.
You writhe in agony.
* * * LOW HITPOINT WARNING * * *
Okay, then.
It was a potion of magic.
Magic courses through your body. Grinder hits you.
You die...
Kikubaaqudgha rasps: "You have failed me!
Welcome... death!"

#.#.........................'..
#.#....######...........#...#.(
###.#....###........###...#...#..
'.....)....#.......†# ###########
###........#........#
#...†....#........#
#........#.....<..#
#........####....##
#........#....@..#
#........#....5..###
#........#.........#
##########...###.###
............# ......###.### #
..... #.. # ..... ##. # .... .. #


You could see Grinder (inner flame).

Vanquished Creatures
  Natasha (D:2)
  An adder (D:3)
  3 endoplasms (D:1)
  2 giant cockroaches
  5 hobgoblins
  4 quokkas
  5 ball pythons
  6 bats
  3 frilled lizards
  8 goblins
  3 kobolds (D:1)
  3 rats
44 creatures vanquished.

Vanquished Creatures (collateral kills)
  A bat (D:2)
  An endoplasm (D:2)
2 creatures vanquished.

Grand Total: 46 creatures vanquished

Notes
Turn   | Place    | Note
-------+----------+-------------------------------------------
     0 | D:1      | croobank the Vampire Monk began the quest for the Orb.
     0 | D:1      | Reached XP level 1. HP: 17/17 MP: 1/1
    91 | D:1      | Found a faded altar of an unknown god.
   115 | D:1      | Prayed at the altar of an unknown god.
   115 | D:1      | Became a worshipper of Kikubaaqudgha
   115 | D:1      | Reached * piety under Kikubaaqudgha
   115 | D:1      | Received a gift from Kikubaaqudgha
   115 | D:1      | Reached ** piety under Kikubaaqudgha
   289 | D:1      | Reached XP level 2. HP: 17/23 MP: 2/2
   320 | D:1      | Learned a level 1 spell: Animate Skeleton
   404 | D:1      | Reached *** piety under Kikubaaqudgha
   404 | D:1      | Received a gift from Kikubaaqudgha
  1178 | D:2      | Gained mutation: You are afflicted with vampirism and can
                  | become a bat while bloodless. [Vampire growth]
  1178 | D:2      | Reached XP level 3. HP: 23/28 MP: 3/3
  1354 | D:2      | Noticed Natasha
  1364 | D:2      | Killed Natasha
  1610 | D:2      | Learned a level 1 spell: Pain
  1811 | D:3      | Reached XP level 4. HP: 35/35 MP: 4/4
  2017 | D:3      | Noticed Grinder
  2020 | D:3      | Paralysed by Grinder for 6 turns
  2028 | D:3      | Slain by Grinder

Illustrated notes

Levels and vault maps discovered:
D:1:      ncdulo_smallfort, layout_loops_corners,
          hellmonk_ecumenical_altar_blasted
D:2:      layout_basic, uniq_natasha
D:3:      layout_basic, uniq_crazy_yiuf_cottage, uniq_grinder

Skill      XL: |  1  2  3 |
---------------+----------+-----
Fighting       | 3 |  3.1
Short Blades   | 4 |  4.1
Dodging        | 4 |  4.0
Stealth        | 4 |  4.2
Spellcasting   | |  0.2
Necromancy     | |  0.1

Action                   |  1- 3 |  4- 6 || total
-------------------------+-------+-------++-------
Melee: Short sword       |   102 |     3 ||   105
       Bite              |     4 |     2 ||     6
       Dagger            |       |     6 ||     6
 Cast: Animate Skeleton  |    10 |       ||    10
       Pain              |     1 |       ||     1
  Use: Scroll            |       |     3 ||     3
       Potion            |       |     1 ||     1
 Stab: Sleeping          |    15 |     1 ||    16
Armor: Robe              |    16 |       ||    16
Dodge: Dodged            |    65 |     4 ||    69
